 Dungeon Sprint DCSS version 0.23.2-1-ga50397a6bc (webtiles) character file.

Game seed: 9612939639131155793

954 Kobolds4U the Carver (level 7, -9/69 HPs)
             Began as a Minotaur Fighter on Apr 28, 2019.
             Was an Initiate of Hepliaklqana.
             Mangled by a kobold demonologist
             ... wielding a +2 dagger of distortion
              (22 damage)
             ... in the Dungeon (Sprint I: "Red Sonja").
             The game lasted 00:02:26 (595 turns).

Kobolds4U the Carver (Minotaur Fighter)              Turns: 595, Time: 00:02:27

Health: -9/69      AC:  6    Str: 20    XL:     7   Next: 91%
Magic:  6/6        EV: 14    Int:  5    God:    Hepliaklqana [......]
Gold:   419        SH:  0    Dex: 12    Spells: 6/6 levels left

rFire    . . .     SeeInvis .   a - +0 long sword
rCold    . . .     Gourm    .   (no shield)
rNeg     . . .     Faith    .   b - +0 scale mail
rPois    .         Spirit   .   (helmet restricted)
rElec    .         Reflect  .   (no cloak)
rCorr    .         Harm     .   (no gloves)
MR       .....     NoTele   +   (no boots)
Stlth    ..........             (no amulet)
HPRegen  0.21/turn              (no ring)
MPRegen  0.10/turn              (no ring)

@: no status effects
A: retaliatory headbutt, reduced essence, horns 2
a: Recall Ancestor, Ancestor Identity, Renounce Religion


You were in the Dungeon.
You worshipped Hepliaklqana.
Hepliaklqana was noncommittal.
You were not hungry.

You visited 1 branch You collected 419 gold pieces.

Inventory:

Hand Weapons
 a - a +0 long sword (weapon)
Armour
 b - a +0 scale mail (worn)
Wands
 c - a wand of polymorph (8)
Scrolls
 k - a scroll of blinking
Potions
 d - a potion of might
 e - a potion of curing
 g - a potion of heal wounds
 h - a potion of haste
 i - 2 potions of magic
 j - a potion of berserk rage
 l - a potion of brilliance {unknown}
Comestibles
 f - a ration
 m - 2 chunks of flesh


   Skills:
 + Level 12.0 Fighting
 * Level 13.7 Long Blades
 - Level 3.6 Armour
 + Level 8.8 Dodging
   Level 3.6 Shields


You had 6 spell levels left.
You didn't know any spells.
Your spell library was empty.

Dungeon Overview and Level Annotations

Branches:
Dungeon (1/1)

Altars:
Cheibriados
Dithmenos
Elyvilon
Fedhas
Gozag
Hepliaklqana
Kikubaaqudgha
Makhleb
Nemelex Xobeh
Okawaru
Qazlal
Ru
Sif Muna
Trog
Uskayaw
Vehumet
Wu Jian
Xom
Yredelemnul
Zin
The Shining One
Jiyva
Lugonu

Shops:
D *


Innate Abilities, Weirdness & Mutations

You reflexively headbutt those who attack you in melee.
You have a pair of horns on your head.
Your life essence is reduced to manifest your ancestor. (-10% HP)


Message History

You hit the kobold demonologist.
Your headbutt misses the kobold demonologist.
The kobold demonologist is almost dead.
The kobold demonologist hits you but does no damage.
The kobold demonologist mumbles some strange words.
The crimson imp hits you but does no damage.
The ynoxinul gestures.
Spanky misses the kobold demonologist.
You hit the kobold demonologist.
You kill the kobold demonologist!
The quasit disappears in a puff of smoke!
The crimson imp disappears in a puff of smoke!
The iron imp disappears in a puff of smoke!
The rust devil disappears in a puff of smoke!
Your Fighting skill increases to level 12!
Your Long Blades skill increases to level 13!
The white imp shouts, "Bolt, thou pox-marked dread-bolted bugbear!"
The kobold demonologist hits you but does no damage.
Space warps horribly around you!!
You die...

####################
)..#..'..#__#.§R@K5#
#..').#..'..'..#)5§#
##'#####'#__####§3.+
#..#...#.#### #####
####..##(#
___##'#_.+
∩...÷..._#
.__##_.#'#
___###+#.#


You could see the friendly Spanky the ancestor, a kobold demonologist, a
ynoxinul, a white imp and a shadow imp.

Vanquished Creatures
  A kobold demonologist (D)
  A slime creature (D)
  Sigmund (D)
  A yak (D)
  A floating eye (D)
  An ogre (D)
  A jelly (D)
  Ijyb (D)
8 creatures vanquished.

Notes
Turn   | Place    | Note
-------+----------+-------------------------------------------
     0 | D        | Kobolds4U the Minotaur Fighter began the quest for the Orb.
     0 | D        | Reached XP level 1. HP: 19/19 MP: 0/0
     7 | D        | Noticed Ijyb
    18 | D        | Killed Ijyb
    18 | D        | Reached skill level 7 in Long Blades
    18 | D        | Reached XP level 2. HP: 15/26 MP: 1/1
   151 | D        | Noticed an ogre
   156 | D        | Killed an ogre
   156 | D        | Reached skill level 9 in Long Blades
   156 | D        | Reached XP level 3. HP: 23/39 MP: 2/2
   156 | D        | Reached XP level 4. HP: 28/47 MP: 3/3
   284 | D        | Noticed Sigmund
   294 | D        | Killed Sigmund
   294 | D        | Reached skill level 10 in Fighting
   294 | D        | Reached skill level 11 in Long Blades
   294 | D        | Reached XP level 5. HP: 47/58 MP: 4/4
   294 | D        | Reached XP level 6. HP: 54/66 MP: 5/5
   361 | D        | Found an ornate altar of the Wu Jian Council.
   361 | D        | Found a deep blue altar of Sif Muna.
   363 | D        | Found a radiant altar of Vehumet.
   390 | D        | Found Buagaug's Assorted Antiques.
   390 | D        | Found an ancient bone altar of Kikubaaqudgha.
   390 | D        | Found a hazy altar of Hepliaklqana.
   390 | D        | Found a hide-covered altar of Uskayaw.
   390 | D        | Found a basalt altar of Yredelemnul.
   390 | D        | Found an opulent altar of Gozag.
   390 | D        | Found a snail-covered altar of Cheibriados.
   390 | D        | Found a sacrificial altar of Ru.
   390 | D        | Found a shadowy altar of Dithmenos.
   390 | D        | Noticed a yak
   394 | D        | Killed a yak
   394 | D        | Reached skill level 12 in Long Blades
   394 | D        | Reached skill level 5 in Dodging
   395 | D        | Found a stormy altar of Qazlal.
   395 | D        | Found a blossoming altar of Fedhas.
   395 | D        | Found a bloodstained altar of Trog.
   395 | D        | Found an iron altar of Okawaru.
   395 | D        | Found a glowing golden altar of the Shining One.
   395 | D        | Found a glowing silver altar of Zin.
   395 | D        | Found a white marble altar of Elyvilon.
   398 | D        | Found a sparkling altar of Nemelex Xobeh.
   407 | D        | Became a worshipper of Hepliaklqana the Forgotten
   417 | D        | Found a viscous altar of Jiyva.
   417 | D        | Found a corrupted altar of Lugonu.
   417 | D        | Noticed a slime creature
   418 | D        | Found a burning altar of Makhleb.
   418 | D        | Found a shimmering altar of Xom.
   427 | D        | Killed a slime creature
   427 | D        | Reached XP level 7. HP: 36/66 MP: 6/6
   579 | D        | Noticed a kobold demonologist
   579 | D        | Noticed a kobold demonologist
   586 | D        | Noticed a ynoxinul
   595 | D        | Noticed a rust devil
   595 | D        | Killed a kobold demonologist
   595 | D        | Reached skill level 13 in Long Blades
   595 | D        | Mangled by a kobold demonologist

Skill      XL: |  1  2  3  4  5  6  7 |
---------------+----------------------+-----
Long Blades    | 7 9 11 12 13 | 13.7
Fighting       | 7 10 11 12 | 12.0
Dodging        | 7 8 |  8.8
Armour         | |  3.6
Shields        | |  3.6

Action                   |  1- 3 |  4- 6 |  7- 9 || total
-------------------------+-------+-------+-------++-------
Melee: Long sword        |    15 |    24 |    14 ||    53
       Headbutt          |     2 |    13 |     3 ||    18
Invok: Ancestor Identity |       |       |     1 ||     1
Armor: Scale mail        |     4 |     4 |     9 ||    17
Dodge: Dodged            |     8 |     4 |     7 ||    19
       Rpst.: Long sword |     5 |     2 |     4 ||    11
